 Dungeon Crawl Stone Soup version 0.26.1-11-gd32895ea62 (webtiles) character file.

Game seed: 17795077254299479782

1927 Zeld the Cleaver (level 8, -1/64 HPs)
             Began as a Minotaur Berserker on May 27, 2021.
             Was an Elder of Trog.
             Killed by divine providence
             ... invoked by an orc priest
              (10 damage)
             ... on level 6 of the Dungeon.
             The game lasted 00:07:03 (7166 turns).

Zeld the Cleaver (Minotaur Berserker)               Turns: 7166, Time: 00:07:03

Health: -1/64      AC:  2    Str: 24    XL:     8   Next: 96%
Magic:  7/7        EV: 12    Int:  4    God:    Trog [****..]
Gold:   17         SH:  0    Dex: 10    Spells: 7/7 levels left

rFire    . . .     SeeInvis .   a - +0 hand axe
rCold    . . .     Faith    .   (no shield)
rNeg     . . .     Spirit   .   (no armour)
rPois    .         Reflect  .   (helmet restricted)
rElec    .         Harm     .   (no cloak)
rCorr    .         Rampage  .   c - +0 pair of gloves
Will     .....                  e - +0 pair of boots
Stlth    +.........             (no amulet)
HPRegen  0.20/turn              (no ring)
MPRegen  0.10/turn              (no ring)

@: berserk cooldown, slowed, very slow
A: retaliatory headbutt, horns 2
a: Renounce Religion, Berserk, Trog's Hand, Brothers in Arms


You were on level 6 of the Dungeon.
You worshipped Trog.
Trog was greatly pleased with you.
You visited 2 branches of the dungeon, and saw 8 of its levels.

You collected 269 gold pieces.
You spent 252 gold pieces at shops.

Inventory:

Hand Weapons
 a - a +0 hand axe (weapon)
Armour
 c - a +0 pair of gloves (worn)
 e - a +0 pair of boots (worn)
Jewellery
 r - an uncursed ring of willpower
 v - a cursed amulet of guardian spirit {unknown}
Wands
 o - a wand of paralysis (13)
 p - a wand of acid (6)
Scrolls
 d - 5 scrolls of identify {unknown}
 j - a scroll of enchant weapon {unknown}
 k - 2 scrolls of fear {unknown}
 m - a scroll of teleportation {unknown}
 n - 3 scrolls of blinking {unknown}
 q - a scroll of fog {unknown}
 s - 3 scrolls of remove curse {unknown}
 t - a scroll of random uselessness {unknown}
 u - a scroll of magic mapping {unknown}
 w - a scroll of amnesia {unknown}
Potions
 b - a potion of resistance {unknown}
 f - 3 potions of curing {unknown}
 g - 2 potions of heal wounds {unknown}
 h - 2 potions of mutation {unknown}
 i - 3 potions of ambrosia {unknown}
 l - a potion of flight {unknown}
 x - a potion of haste


   Skills:
 - Level 3.6 Fighting
 * Level 13.7 Axes
 - Level 2.4 Armour
 - Level 2.1 Dodging


You had 7 spell levels left.
You didn't know any spells.
Your spell library was empty.

Dungeon Overview and Level Annotations

Branches:
Dungeon (7/15)             Temple (1/1) D:5

Altars:
Ashenzari
Cheibriados
Dithmenos
Elyvilon
Fedhas
Gozag
Hepliaklqana
Kikubaaqudgha
Makhleb
Nemelex Xobeh
Okawaru
Qazlal
Ru
Sif Muna
Trog
Uskayaw
Wu Jian
Xom
Yredelemnul
Zin
The Shining One

Shops:
D:5 *   D:7 [


Innate Abilities, Weirdness & Mutations

You reflexively headbutt those who attack you in melee.
You have a pair of horns on your head.


Message History

You slash the giant cockroach!
You kill the giant cockroach!
Trog accepts your kill.
An orc priest comes into view.
The orc priest shouts!
The orc priest moves out of view.
You see here a giant cockroach corpse.
You feel a strong urge to attack something.
A worker ant comes into view.
You see here 15 arrows.
There are monsters nearby!
There are monsters nearby!
There are monsters nearby!
There are monsters nearby!
You are no longer berserk.
You are exhausted.
You feel yourself slow down.
The orc priest mumbles some strange prayers to Beogh against you.
Beogh smites you!
You die...

.. ..
.####..
...... ....#
....# # ###
o...#.#
##.##.#.....
#...@.....#
#†.†(.##.##
#.....#
#.......#
###......#
##B......
.######## .
.


You could see a worker ant and an orc priest.

Vanquished Creatures
  The ghost of Gorgoleon the Cudgeller, a novice HuWn of Okawaru (D:5)
  Sigmund (D:2)
  A water moccasin (D:5)
  An ogre (D:4)
  A centaur (D:5)
  A big kobold (D:5)
  A bullfrog (D:6)
  A water moccasin zombie (D:5)
  2 scorpions (D:4)
  A howler monkey (D:6)
  2 jellies (D:6)
  4 hounds
  An orc priest (D:7)
  A bullfrog skeleton (D:6)
  5 orc wizards
  Jessica (D:2)
  Terence (D:2)
  An iguana (D:5)
  3 worker ants
  2 hound skeletons
  A howler monkey skeleton (D:3)
  3 gnolls (D:5)
  5 adders
  A white imp (D:6)
  An ufetubus (D:5)
  An adder zombie (D:5)
  An adder skeleton (D:5)
  4 worms
  A dart slug (D:1)
  A leopard gecko (D:6)
  21 orcs
  2 giant cockroaches
  7 goblins
  7 hobgoblins
  21 jackals
  3 quokkas
  4 ball pythons
  8 bats
  13 frilled lizards
  A jackal skeleton (D:4)
  10 kobolds
  6 rats
154 creatures vanquished.

Vanquished Creatures (collateral kills)
  An ice beast (D:7)
  An orc wizard (D:7)
  An orc priest (D:7)
  A bullfrog skeleton (D:7)
  2 orcs (D:7)
6 creatures vanquished.

Vanquished Creatures (others)
  A plant (D:5)
1 creature vanquished.

Grand Total: 161 creatures vanquished

Notes
Turn   | Place    | Note
-------+----------+-------------------------------------------
     0 | D:1      | Zeld the Minotaur Berserker began the quest for the Orb.
     0 | D:1      | Reached XP level 1. HP: 19/19 MP: 0/0
    95 | D:1      | Reached skill level 4 in Axes
   284 | D:1      | Reached XP level 2. HP: 15/26 MP: 1/1
   613 | D:1      | Reached ** piety under Trog
   832 | D:1      | Reached skill level 5 in Axes
   834 | D:1      | Reached XP level 3. HP: 25/31 MP: 2/2
  1709 | D:2      | Noticed Jessica
  1714 | D:2      | Killed Jessica
  1715 | D:2      | Reached skill level 6 in Axes
  1715 | D:2      | Reached XP level 4. HP: 35/39 MP: 3/3
  1781 | D:2      | Noticed Terence
  2049 | D:2      | Noticed Sigmund
  2351 | D:2      | Killed Sigmund
  2352 | D:2      | Reached skill level 8 in Axes
  2352 | D:2      | Reached XP level 5. HP: 45/45 MP: 4/4
  2604 | D:2      | Reached XP level 6. HP: 21/51 MP: 5/5
  3157 | D:2      | Killed Terence
  3554 | D:3      | Reached *** piety under Trog
  3639 | D:3      | Reached skill level 9 in Axes
  3767 | D:3      | Found a white marble altar of Elyvilon.
  4181 | D:4      | Reached XP level 7. HP: 54/57 MP: 6/6
  4428 | D:4      | Reached skill level 10 in Axes
  5485 | D:5      | Entered Level 5 of the Dungeon
  5494 | D:5      | Reached **** piety under Trog
  5750 | D:5      | Found a runed translucent gate.
  5751 | D:5      | Found a runed translucent gate.
  5751 | D:5      | Found a runed translucent gate.
  5758 | D:5      | Noticed Gorgoleon's ghost (novice HuWn)
  5803 | D:5      | Reached skill level 11 in Axes
  5809 | D:5      | Reached XP level 8. HP: 64/64 MP: 7/7
  5819 | D:5      | Killed Gorgoleon's ghost
  5820 | D:5      | Reached skill level 12 in Axes
  6276 | D:5      | Found a staircase to the Ecumenical Temple.
  6293 | Temple   | Entered the Ecumenical Temple
  6911 | D:5      | Found Ugovesig's Assorted Antiques.
  6916 | D:5      | Bought a potion of haste for 210 gold pieces
  6916 | D:5      | Bought a scroll labelled YRASCH FAEHEPPA for 21 gold pieces
  6916 | D:5      | Bought a scroll labelled VAL PI LADDUT for 21 gold pieces
  7090 | D:6      | Reached skill level 13 in Axes
  7153 | D:7      | Found Doima's Armour Boutique.
  7166 | D:6      | Killed from afar by an orc priest

Illustrated notes

Levels and vault maps discovered:
D:1:      psy_arrival_spokes, layout_basic
D:2:      minmay_spotlight, layout_rooms, uniq_sigmund, uniq_jessica,
          uniq_terence
D:3:      layout_rooms, elyvilon_altar_1
D:4:      layout_basic, minivault_5
D:5:      layout_rooms, minmay_temple_entry_statues_fountains, serial_shops,
          nicolae_shop_overgrown_old_shop, gammafunk_ghost_split,
          hangedman_abyss_or_decor_stabs
D:6:      layout_cave_pools, portal_sewer_entry_f, trog_butcher_becter
D:7:      layout_loops_cross, vehumet_crystals, serial_glass, glass_columns_a,
          glass_columns_b, glass_columns_b, glass_columns_b, glass_columns_c,
          glass_columns_a, glass_columns_a, glass_columns_c, glass_columns_a,
          glass_columns_c, glass_columns_b, glass_columns_c, glass_columns_a,
          glass_columns_b, serial_shops, shop_statue, st_stairs_5,
          grunt_ministairs_14, dk_yredelemnul_ordeal
Temple:   grunt_wide_crystal_templ

Skill      XL: |  1  2  3  4  5  6  7  8 |
---------------+-------------------------+-----
Axes           | 4 5 6 8 9 11 13 | 13.7
Fighting       | |  3.6
Armour         | |  2.4
Dodging        | |  2.1

Action                   |  1- 3 |  4- 6 |  7- 9 || total
-------------------------+-------+-------+-------++-------
Melee: Hand axe          |    51 |   127 |   169 ||   347
       Headbutt          |     4 |    17 |    29 ||    50
Invok: Berserk           |     2 |     4 |     5 ||    11
       Trog's Hand       |       |       |     2 ||     2
       Brothers in Arms  |       |       |     1 ||     1
Armor: Skin              |    12 |    13 |    13 ||    38
Dodge: Dodged            |    29 |    74 |    97 ||   200
